 Dungeon Crawl Stone Soup version 0.21.1-1-g345015f (webtiles) character file.

76344 nightchill the Grappler (level 15, -2/138 HPs)
             Began as a Ghoul Monk on June 14, 2018.
             Was an Elder of Cheibriados.
             Killed from afar by Nikola (28 damage)
             ... with a chain lightning
             ... on level 1 of the Swamp on June 19, 2018.
             The game lasted 01:59:44 (23576 turns).

nightchill the Grappler (Ghoul Monk)               Turns: 23576, Time: 01:59:45

Health: -2/138     AC: 16    Str: 31    XL:     15   Next: 53%
Magic:  21/21      EV: 13    Int: 14    God:    Cheibriados [****..]
Gold:   1259       SH:  6    Dex: 20    Spells: 11/14 levels left

rFire    . . .     SeeInvis .     - Unarmed
rCold    + + .     Gourm    .   I - +0 buckler
rNeg     + + +     Faith    .   c - +0 plate armour
rPois    ∞         Spirit   .   L - +0 hat {MR+}
rElec    .         Reflect  .   U - scarf {cloud immunity}
rCorr    +         Harm     .   (no gloves)
MR       ++...                  o - +1 pair of boots
Stlth    ..........             (no amulet)
HPRegen  0.00/turn              i - ring of protection from cold
MPRegen  0.17/turn              V - ring of resist corrosion

@: rotting, very slow
A: rotting body, claws 1, carnivore, cold resistance 1, negative energy
resistance 3, inhibited regeneration, torment resistance, unbreathing
a: Bend Time, Temporal Distortion, Slouch, Renounce Religion


You were on level 1 of the Swamp.
You worshipped Cheibriados.
Cheibriados was greatly pleased with you.
You were not hungry.

You visited 3 branches of the dungeon, and saw 21 of its levels.

You collected 1259 gold pieces.

Inventory:

Hand Weapons
 f - a +0 fustibalus
Missiles
 g - 436 stones
 A - 16 tomahawks (quivered)
 E - 8 javelins
Armour
 c - a +0 plate armour (worn)
 o - a +1 pair of boots (worn)
 B - a +0 cloak
 I - a +0 buckler (worn)
 L - a +0 hat of magic resistance (worn)
 U - a scarf of cloud immunity (worn)
Magical Staves
 q - an uncursed staff of cold {unknown}
Jewellery
 i - a ring of protection from cold (left claw)
 u - an uncursed ring of magical power
 V - a ring of resist corrosion (right claw)
Wands
 d - a wand of clouds (14)
 k - a wand of iceblast (11)
 l - a wand of paralysis (7)
 s - a wand of disintegration (12)
 x - a wand of scattershot (8)
 y - a wand of polymorph (34)
Scrolls
 a - 3 scrolls of fear
 e - 3 scrolls of amnesia
 p - 4 scrolls of enchant armour
 t - 4 scrolls of teleportation
 F - 5 scrolls of remove curse
 J - a scroll of vulnerability {unknown}
 P - a scroll of identify
 T - a scroll of magic mapping
Potions
 h - 3 potions of curing
 j - a potion of invisibility
 m - 4 potions of brilliance
 n - a potion of lignification {unknown}
 r - 3 potions of cancellation
 w - 3 potions of might
 D - 2 potions of ambrosia
 G - 2 potions of magic
 H - a potion of flight
Books
 v - a book of Maledictions

   Spells                             Type                      Level
   a - Corona                         Hexes                        1
   b - Ensorcelled Hibernation        Hexes/Ice                    2
   c - Confuse                        Hexes                        3
   d - Tukima's Dance                 Hexes                        3
   e - Dazzling Spray                 Conjuration/Hexes            3
 K - a book of Conjurations

   Spells                             Type                      Level
   a - Magic Dart                     Conjuration                  1
   b - Searing Ray                    Conjuration                  2
   c - Dazzling Spray                 Conjuration/Hexes            3
   d - Fulminant Prism                Conjuration/Hexes            4
   e - Force Lance                    Conjuration/Translocation    4
   f - Iskenderun's Mystic Blast      Conjuration                  4
 M - a book of Necromancy

   Spells                             Type                      Level
   a - Pain                           Necromancy                   1
   b - Animate Skeleton               Necromancy                   1
   c - Vampiric Draining              Necromancy                   3
   d - Regeneration                   Charms/Necromancy            3
   e - Animate Dead                   Necromancy                   4
   f - Borgnjor's Vile Clutch         Necromancy/Earth             5
 N - a book of Flames

   Spells                             Type                      Level
   a - Flame Tongue                   Conjuration/Fire             1
   b - Throw Flame                    Conjuration/Fire             2
   c - Conjure Flame                  Conjuration/Fire             3
   d - Inner Flame                    Hexes/Fire                   3
   e - Sticky Flame                   Conjuration/Fire             4
   f - Fireball                       Conjuration/Fire             5
 Q - a book of the Sky

   Spells                             Type                      Level
   a - Summon Lightning Spire         Summoning/Air                4
   b - Silence                        Hexes/Air                    5
   c - Deflect Missiles               Charms/Air                   6
   d - Conjure Ball Lightning         Conjuration/Air              6
   e - Tornado                        Air                          9
Miscellaneous
 z - a lamp of fire
 R - a sack of spiders
 S - a fan of gales (inert)
Comestibles
 b - 37 rations


   Skills:
 + Level 14.1 Fighting
 + Level 9.5 Armour
 - Level 7.6 Dodging
 - Level 2.1 Stealth
 - Level 4.0 Shields
 + Level 14.3 Unarmed Combat
 + Level 3.6 Charms
 + Level 9.7 Necromancy
 - Level 10.0 Invocations
 + Level 5.3 Evocations


You had 11 spell levels left.
You knew the following spells:

 Your Spells              Type           Power        Failure   Level  Hunger
a - Regeneration          Chrm/Necr      ###.......   36%         3    ####...


Dungeon Overview and Level Annotations

Branches:
Dungeon (15/15)            Temple (0/1) D:5            Lair (5/6) D:10
  Swamp (1/4) Lair:3        Snake (0/4) Lair:2        Slime (0/5) Lair:5
    Orc (0/2) D:12         Vaults (0/5) D:14
 Depths: D:15

Altars:
Ashenzari
Cheibriados
Elyvilon
Fedhas
Gozag
Hepliaklqana
Nemelex Xobeh
Sif Muna
Wu Jian
Xom
Zin
Beogh
Jiyva

Shops:
D:9 %(=

Annotations:
D:12 exclusion: downstairs
D:15 !invisible, Nessos
Lair:5 exclusion: oklob plant
Swamp:1 Nikola


Innate Abilities, Weirdness & Mutations

Your body is rotting away.
You thrive on raw meat.
You are immune to poison.
You have sharp fingernails.
You are carnivorous and can eat meat at any time.
Your flesh is cold resistant. (rC+)
You are immune to negative energy. (rN+++)
You do not regenerate when monsters are visible.
You are immune to unholy pain and torment.
You can survive without breathing.


Message History

The burst of metal fragments hits Nikola. x7
Nikola is heavily wounded.
Nikola casts a spell.
Nikola blinks!
You enter the shallow water.
Moving in this stuff is going to be slow.
Nikola mumbles some strange words.
Nikola blinks!
Nikola gestures wildly while chanting.
You hear a mighty clap of thunder!
The lightning arc hits you!
The lightning arc hits Nikola.
The lightning arc hits you!
The lightning arc hits Nikola.
The lightning arc hits you!
The lightning arc hits Nikola.
Nikola casts a spell.
You hear a mighty clap of thunder!
The lightning arc hits you!
The lightning arc hits Nikola.
The lightning arc hits you!
* * * LOW HITPOINT WARNING * * *
The lightning arc hits Nikola.
The lightning arc hits you!
You die...

##...♣≈....≈≈♣.≈≈≈.≈≈≈.♣≈≈
....≈.(...♣♣♣.≈...≈≈≈..≈≈.
#..≈≈...♣...♣≈..≈≈≈.....♣
#≈≈§..≈.♣.≈...♣.≈≈≈..≈≈≈≈ .#
#≈≈≈..≈≈♣≈...♣.≈≈≈≈..≈≈.≈
≈...♣....♣♣♣♣♣♣.≈..≈≈≈......♣
≈≈≈.....♣♣♣♣♣♣♣.≈≈..≈≈≈..≈≈♣♣
.≈≈.≈≈≈≈...♣♣≈≈.≈≈≈≈≈≈≈...≈♣
.≈.≈≈≈≈≈≈..@.@...≈≈≈≈≈.>..♣♣
.≈≈..≈≈≈≈..♣§.....§≈≈≈.♣♣♣♣
.≈≈..≈≈≈≈..≈.≈≈.♣♣....♣♣
≈...♣.≈≈≈≈≈..≈.♣♣♣♣♣♣♣♣
♣♣♣♣♣.≈≈≈≈.♣..♣♣ ...≈≈≈.≈♣♣♣♣
.≈≈≈≈.≈♣♣ §≈≈≈.≈♣ ..♣


You could see Nikola.

Vanquished Creatures
  Kirke (D:15)
  Gastronok (Lair:3)
  A spark wasp (Lair:3)
  Snorg (D:12)
  The ghost of Ratmanking the Covert, a journeyman NaWz of Cheibriados (Lair:1)
  The ghost of infcreate the Cleaver, a journeyman MiFi of Trog (Lair:2)
  A hydra (Swamp:1)
  A centaur warrior (D:13)
  A catoblepas (D:12)
  4 alligators (Swamp:1)
  10 two-headed ogres
  2 dancing weapons (D:14)
  2 death yaks (Lair:5)
  The ghost of Leszczynek the Nimble, a novice GnGl of the Shining One (D:11)
  A tengu warrior (D:13)
  A skeletal warrior (D:15)
  2 unseen horrors (D:13)
  A wizard (D:15)
  A glowing orange brain (D:15)
  A spriggan druid (Swamp:1)
  The ghost of sking99 the Grappler, a novice TrMo (D:6)
  Pikel (D:4)
  A lindwurm (shapeshifter) (D:13)
  A shambling mangrove (Swamp:1)
  3 cyclopes
  2 deep elf magi
  9 ugly things
  3 centaur zombies
  3 manticores
  11 elephants (Lair:5)
  5 black mambas
  A gargoyle (D:10)
  A torpor snail (shapeshifter) (D:15)
  5 spiny frogs
  3 kobold demonologists (D:13)
  3 komodo dragons
  3 tengu conjurers
  6 hornets
  3 meliai (D:13)
  A queen bee (D:13)
  5 trolls
  A wolf spider simulacrum (D:14)
  A hornet (shapeshifter) (D:15)
  A slime creature (shapeshifter) (D:14)
  7 hippogriffs
  6 blink frogs
  11 slime creatures
  A bog body (Swamp:1)
  Sigmund (D:4)
  3 spriggans (Swamp:1)
  A wraith (D:14)
  3 vampires
  A human (D:10)
  A shadow (D:11)
  A spriggan (shapeshifter) (D:14)
  2 wyverns
  A basilisk (Lair:5)
  A human (shapeshifter) (D:13)
  46 yaks
  A hog (D:15)
  4 hungry ghosts
  4 vampire mosquitoes (Swamp:1)
  3 insubstantial wisps (Lair:3)
  Edmund (D:4)
  5 acid dragons
  8 porcupines
  3 nagas (Lair:2)
  4 water moccasins
  A soldier ant (D:12)
  4 orc warriors
  A slave (D:4)
  2 ice beasts
  A black bear (D:13)
  An eye of draining (D:13)
  5 sky beasts
  2 necrophages
  10 ogres
  9 wolves
  10 centaurs
  14 crocodiles
  A big kobold (D:9)
  Blork the orc (D:5)
  15 bullfrogs
  A gnoll sergeant (D:5)
  3 wyvern zombies
  3 scorpions
  38 killer bees
  4 howler monkeys
  11 wights
  7 crimson imps
  A bullfrog zombie (D:6)
  2 jellies (D:11)
  2 quasits
  8 hounds
  13 orc wizards
  3 bullfrog skeletons
  8 orc priests
  3 iguanas
  Natasha (thrice) (D:4)
  7 centaur skeletons
  12 worker ants
  A hound zombie (D:7)
  2 howler monkey zombies (D:9)
  A worker ant zombie (D:7)
  15 adders
  9 gnolls
  4 shadow imps
  An ooze (D:6)
  4 adder skeletons
  5 worms
  5 leopard geckos
  49 orcs
  A ball python (D:4)
  7 giant cockroaches
  2 goblins (D:3)
  5 hobgoblins
  2 jackals (D:6)
  7 quokkas
  8 bats
  17 frilled lizards
  12 kobolds
  2 quokka zombies (D:5)
  6 rats
599 creatures vanquished.

Vanquished Creatures (collateral kills)
  A hornet (Swamp:1)
1 creature vanquished.

Vanquished Creatures (others)
  An unseen horror (D:12)
  2 humans (D:15)
  An adder (D:4)
  12 fungi
  A plant (Lair:5)
17 creatures vanquished.

Grand Total: 617 creatures vanquished

Notes
Turn   | Place    | Note
-------+----------+-------------------------------------------
     0 | D:1      | nightchill the Ghoul Monk began the quest for the Orb.
     0 | D:1      | Reached XP level 1. HP: 19/19 MP: 0/0
   272 | D:1      | Reached XP level 2. HP: 23/26 MP: 1/1
   458 | D:1      | Found a blossoming altar of Fedhas.
   460 | D:1      | Found a shimmering altar of Xom.
   460 | D:1      | Found an iron altar of Okawaru.
   463 | D:1      | Found a shimmering altar of Xom.
   463 | D:1      | Found a shimmering altar of Xom.
   463 | D:1      | Found a stormy altar of Qazlal.
   920 | D:2      | Reached XP level 3. HP: 30/33 MP: 2/2
  1479 | D:3      | Reached XP level 4. HP: 40/40 MP: 3/3
  1631 | D:3      | Found a sparkling altar of Nemelex Xobeh.
  1945 | D:3      | Found a faded altar of an unknown god.
  2052 | D:3      | Reached skill level 5 in Unarmed Combat
  2367 | D:4      | Reached XP level 5. HP: 29/47 MP: 4/4
  2677 | D:4      | Noticed Edmund
  2706 | D:4      | Killed Edmund
  2706 | D:4      | Reached skill level 5 in Fighting
  2706 | D:4      | Reached XP level 6. HP: 30/56 MP: 5/5
  2724 | D:4      | Noticed Natasha
  2734 | D:4      | Killed Natasha
  2751 | D:4      | Noticed Natasha
  2756 | D:4      | Killed Natasha
  2794 | D:4      | Noticed Sigmund
  2807 | D:4      | Killed Sigmund
  2807 | D:4      | Reached XP level 7. HP: 51/61 MP: 6/6
  2831 | D:4      | Found a snail-covered altar of Cheibriados.
  2837 | D:4      | Became a worshipper of Cheibriados the Contemplative
  2837 | D:4      | Reached * piety under Cheibriados
  2837 | D:4      | Reached ** piety under Cheibriados
  2891 | D:4      | Reached skill level 1 in Invocations
  3090 | D:4      | Noticed Natasha
  3112 | D:4      | Killed Natasha
  3339 | D:4      | Noticed Pikel
  3354 | D:4      | Killed Pikel
  3354 | D:4      | Reached XP level 8. HP: 50/71 MP: 6/8
  3686 | D:5      | Entered Level 5 of the Dungeon
  3686 | D:5      | Found a staircase to the Ecumenical Temple.
  3991 | D:5      | Noticed Blork the orc
  4005 | D:5      | Killed Blork the orc
  4125 | D:5      | Found an opulent altar of Gozag.
  4149 | D:5      | Reached *** piety under Cheibriados
  4291 | D:5      | Found a blossoming altar of Fedhas.
  4291 | D:5      | Found a hazy altar of Hepliaklqana.
  4558 | D:6      | Reached XP level 9. HP: 74/79 MP: 10/10
  4596 | D:6      | Reached skill level 1 in Armour
  4641 | D:6      | Noticed sking99's ghost (novice TrMo)
  4652 | D:6      | Killed sking99's ghost
  4652 | D:6      | Reached skill level 5 in Invocations
  5279 | D:7      | Reached **** piety under Cheibriados
  5594 | D:7      | Got a pair of translucent boots
  5682 | D:7      | Reached skill level 5 in Dodging
  6077 | D:7      | Reached skill level 10 in Unarmed Combat
  6130 | D:7      | Found a white marble altar of Elyvilon.
  6160 | D:8      | Reached XP level 10. HP: 88/88 MP: 13/13
  6254 | D:8      | Identified the +1 pair of boots of the Cuttlefish {-Cast rF+ rCorr Dex+6} (You found it on level 7 of the Dungeon)
  6314 | D:8      | Noticed a two-headed ogre
  6321 | D:8      | Killed a two-headed ogre
  6531 | D:8      | Found a transporter.
  6534 | D:8      | Found a roughly hewn altar of Beogh.
  6537 | D:8      | Noticed a two-headed ogre
  6545 | D:8      | Reached ***** piety under Cheibriados
  6547 | D:8      | HP: 3/87 [two-headed ogre/giant club (15)]
  6549 | D:8      | Killed a two-headed ogre
  6627 | D:8      | Found a transporter.
  7496 | D:9      | Found a deep blue altar of Sif Muna.
  7526 | D:9      | Noticed a two-headed ogre
  7529 | D:9      | Killed a two-headed ogre
  7676 | D:9      | Found a glowing silver altar of Zin.
  7761 | D:9      | Reached XP level 11. HP: 73/94 MP: 16/16
  7899 | D:9      | Found Sibijov's Jewellery Shoppe.
  8058 | D:9      | Found Riurec's Food Emporium.
  8518 | D:9      | Found Halepeef's Antique Weapon Shoppe.
  8571 | D:10     | Entered Level 10 of the Dungeon
  9059 | D:10     | Reached skill level 5 in Armour
  9067 | D:10     | Found a staircase to the Lair.
  9633 | D:11     | Noticed a manticore
  9633 | D:11     | Noticed a two-headed ogre
  9638 | D:11     | Killed a two-headed ogre
  9638 | D:11     | Reached skill level 10 in Fighting
  9641 | D:11     | Killed a manticore
  9699 | D:11     | Reached skill level 1 in Shields
  9878 | D:11     | Noticed Leszczynek's ghost (novice GnGl)
  9896 | D:11     | Killed Leszczynek's ghost
  9933 | D:11     | Reached XP level 12. HP: 43/107 MP: 18/18
 10500 | D:11     | Reached ****** piety under Cheibriados
 10543 | D:11     | Noticed a two-headed ogre
 10552 | D:11     | Killed a two-headed ogre
 10552 | D:11     | Reached skill level 10 in Invocations
 10808 | Lair:1   | Entered Level 1 of the Lair of Beasts
 11020 | Lair:1   | Reached skill level 1 in Evocations
 11106 | Lair:1   | Found an ornate altar of the Wu Jian Council.
 11289 | Lair:1   | Noticed Ratmanking's ghost (journeyman NaWz)
 11320 | Lair:1   | Killed Ratmanking's ghost
 11713 | Lair:2   | Found a staircase to the Snake Pit.
 11916 | Lair:2   | Learned a level 3 spell: Regeneration
 12040 | Lair:2   | Noticed infcreate's ghost (journeyman MiFi)
 12058 | Lair:2   | Killed infcreate's ghost
 12058 | Lair:2   | Reached skill level 1 in Charms
 12058 | Lair:2   | Reached skill level 1 in Necromancy
 12517 | Lair:3   | Noticed Gastronok
 12525 | Lair:3   | Killed Gastronok
 12700 | Lair:3   | Found a staircase to the Swamp.
 13073 | Lair:3   | Noticed a five-headed hydra
 13074 | Lair:3   | Noticed a spark wasp
 13074 | Lair:3   | a five-headed hydra changed into a spark wasp
 13081 | Lair:3   | Killed a spark wasp
 13081 | Lair:3   | Reached XP level 13. HP: 16/117 MP: 19/19
 15183 | Lair:5   | Reached skill level 5 in Necromancy
 15825 | Lair:5   | Found a viscous altar of Jiyva.
 15826 | Lair:5   | Found a staircase to the Slime Pits.
 16970 | D:12     | Reached XP level 14. HP: 13/127 MP: 20/20
 17305 | D:12     | Found a staircase to the Orcish Mines.
 17364 | D:12     | Noticed Snorg
 17374 | D:12     | Killed Snorg
 20552 | D:14     | Found a gate to the Vaults.
 20587 | D:14     | Found a shattered altar of Ashenzari.
 20869 | D:15     | Entered Level 15 of the Dungeon
 21203 | D:15     | Noticed Kirke
 21218 | D:15     | Killed Kirke
 21218 | D:15     | Reached XP level 15. HP: 69/137 MP: 21/21
 22450 | D:15     | Noticed Nessos
 22688 | Swamp:1  | Entered Level 1 of the Swamp
 22767 | Swamp:1  | Reached skill level 5 in Evocations
 23556 | Swamp:1  | Noticed Nikola
 23576 | Swamp:1  | Killed from afar by Nikola

Skill      XL: |  1  2  3  4  5  6  7  8  9 10 11 12 13 14 15 |
---------------+----------------------------------------------+-----
Unarmed Combat | 4 5 6 7 8 9 10 11 12 13 14 | 14.3
Fighting       | 4 5 6 7 8 10 11 12 13 14 | 14.1
Invocations    | 2 3 6 8 9 10 | 10.0
Dodging        | 3 4 5 6 7 |  7.6
Armour         | 2 4 5 6 7 9 |  9.5
Shields        | 1 3 4 |  4.0
Evocations     | 3 4 5 |  5.3
Charms         | 2 3 |  3.6
Necromancy     | 2 6 9 |  9.7
Stealth        | |  2.1

Action                   |  1- 3 |  4- 6 |  7- 9 | 10-12 | 13-15 || total
-------------------------+-------+-------+-------+-------+-------++-------
Melee: Unarmed           |    81 |   134 |   263 |   615 |   963 ||  2056
       Punch             |     2 |     2 |    17 |    31 |       ||    52
Throw: Tomahawk          |       |       |       |     4 |     4 ||     8
Invok: Slouch            |       |       |       |     5 |    14 ||    19
       Bend Time         |       |       |       |       |     6 ||     6
       Temporal Distorti |       |       |       |       |     7 ||     7
       Step From Time    |       |       |       |       |     1 ||     1
Evoke: Wand              |       |       |       |     1 |     5 ||     6
       Fan of gales      |       |       |       |       |     1 ||     1
  Use: Scroll            |       |     6 |     6 |     9 |    12 ||    33
       Potion            |       |       |       |     3 |     5 ||     8
 Stab: Sleeping          |     2 |       |     1 |       |       ||     3
  Eat: Chunk             |    13 |    23 |    40 |    78 |   110 ||   264
Armor: Leather armour    |    17 |     7 |       |       |       ||    24
       Robe              |     2 |       |       |       |       ||     2
       Scale mail        |       |    28 |    66 |    24 |       ||   118
       Plate armour      |       |       |       |   198 |   400 ||   598
Dodge: Dodged            |    54 |    48 |   132 |   367 |   559 ||  1160
Block: Buckler           |       |       |       |    26 |   248 ||   274
